 Dungeon Crawl Stone Soup version 0.22-a0-157-g169b76a (webtiles) character file.

139 MatthieuS the Chopper (level 5, 0/48 HPs)
             Began as a Hill Orc Berserker on Feb 8, 2018.
             Was a Believer of Trog.
             Slain by a gnoll
             ... wielding a +0 spear
              (6 damage)
             ... on level 2 of the Dungeon.
             The game lasted 00:04:50 (2345 turns).

MatthieuS the Chopper (Hill Orc Berserker)          Turns: 2345, Time: 00:04:51

Health: 0/48       AC:  7    Str: 19    XL:     5   Next: 22%
Magic:  5/5        EV: 10    Int: 12    God:    Trog [**....]
Gold:   27         SH:  0    Dex: 10    Spells: 4/4 levels left

rFire    . . .     SeeInvis .   a - +0 hand axe
rCold    . . .     Gourm    .   (no shield)
rNeg     . . .     Faith    .   i - +0 scale mail
rPois    +         Spirit   .   (no helmet)
rElec    .         Reflect  .   (no cloak)
rCorr    .         Harm     .   (no gloves)
MR       .....     Clarity  +   (no boots)
Stlth    ..........             (no amulet)
HPRegen  0.16/turn              k - -2 ring of strength (curse)
MPRegen  0.09/turn              (no ring)

@: brilliant, lethally poisoned (0 -> -2), berserk cooldown, slowed, very slow
A: rugged brown scales 1, blink, clarity, poison resistance
a: Blink, Berserk, Trog's Hand, Burn Spellbooks, Renounce Religion


You were on level 2 of the Dungeon.
You worshipped Trog.
Trog was pleased with you.
You were not hungry.

You visited 1 branch of the dungeon, and saw 2 of its levels.

You collected 27 gold pieces.

Inventory:

Hand Weapons
 a - a +0 hand axe (weapon)
Armour
 i - a +0 scale mail (worn)
Jewellery
 k - a cursed -2 ring of strength (left hand)
Scrolls
 b - a scroll of enchant armour {unknown}
 e - a scroll of blinking
 g - a scroll of identify
Comestibles
 c - 6 rations
 f - a chunk of flesh


   Skills:
 + Level 4.6 Fighting
 + Level 5.1 Axes
 + Level 3.4 Armour
 + Level 2.5 Dodging


You had 4 spell levels left.
You didn't know any spells.

Dungeon Overview and Level Annotations

Branches:
Dungeon (2/15)

Altars:
Ashenzari
Gozag
Nemelex Xobeh
Qazlal
Ru
Xom
The Shining One

Annotations:
D:2 Sigmund


Innate Abilities, Weirdness & Mutations

You are partially covered in rugged brown scales. (AC +1, +3% HP)
You can translocate small distances at will.
You possess an exceptional clarity of mind.
Your system is resistant to poisons. (rPois)


Message History

The gnoll hits you but does no damage. The gnoll closely misses you.
It was a potion of brilliance.
You feel clever all of a sudden.
Your skin stops crawling.
You feel less resistant to hostile enchantments.
You feel sick.
The gnoll hits you from afar with a spear.
* * * LOW HITPOINT WARNING * * *
The gnoll barely misses you. The gnoll closely misses you. The gnoll hits you.
* * * LOW HITPOINT WARNING * * *
You hit the gnoll.
The gnoll is moderately wounded.
You feel sick. The gnoll closely misses you.
The gnoll hits you but does no damage. x2
The gnoll barely misses you.
You aren't carrying any potions.
Eat one of 2 chunks of flesh? (ye/n/q)
You eat one of the 2 chunks of flesh.
This raw flesh tastes terrible.
You feel sick.
The gnoll hits you from afar with a spear.
You die...

####....#
#....####
#####.##.###
#............
#.##########.
#.#........
#.#........
#.#........
##@#........
#.g#g.......
#.g#........
#.††........
#..#........
#..#########
#... #...
#####


You could see 2 gnolls.

Vanquished Creatures
  Terence (D:2)
  5 adders (D:2)
  2 oozes
  2 worms (D:2)
  3 dart slugs
  A leopard gecko (D:2)
  2 ball pythons
  4 bats
  4 giant cockroaches
  4 goblins
  5 hobgoblins
  A quokka (D:2)
  3 frilled lizards
  9 kobolds
  9 rats
55 creatures vanquished.

Notes
Turn   | Place    | Note
-------+----------+-------------------------------------------
     0 | D:1      | MatthieuS the Hill Orc Berserker began the quest for the Orb.
     0 | D:1      | Reached XP level 1. HP: 19/19 MP: 1/1
    75 | D:1      | Reached XP level 2. HP: 16/27 MP: 2/2
   562 | D:1      | Reached XP level 3. HP: 33/33 MP: 3/3
  1509 | D:2      | Found an opulent altar of Gozag.
  1510 | D:2      | Found a sparkling altar of Nemelex Xobeh.
  1534 | D:2      | Reached ** piety under Trog
  1583 | D:2      | Found a glowing golden altar of the Shining One.
  1588 | D:2      | Found a sacrificial altar of Ru.
  1590 | D:2      | Found a shimmering altar of Xom.
  1591 | D:2      | Found a shattered altar of Ashenzari.
  1591 | D:2      | Found a stormy altar of Qazlal.
  1602 | D:2      | Reached XP level 4. HP: 32/40 MP: 4/4
  1664 | D:2      | Noticed Terence
  1672 | D:2      | Killed Terence
  1958 | D:2      | Reached skill level 5 in Axes
  1984 | D:2      | Reached XP level 5. HP: 35/47 MP: 5/5
  2321 | D:2      | Noticed Sigmund
  2341 | D:2      | Gained mutation: You are partially covered in rugged brown scales. (AC +1, +3% HP) [potion of mutation]
  2341 | D:2      | Gained mutation: You can translocate small distances at will. [potion of mutation]
  2341 | D:2      | Gained mutation: You possess an exceptional clarity of mind. [potion of mutation]
  2341 | D:2      | Gained mutation: Your system is resistant to poisons. (rPois) [potion of mutation]
  2345 | D:2      | Slain by a gnoll

Vault maps used:
D:1:      dpeg_arrival_solitude, serial_bayou_pond_e, st_stairs_13,
          minmay_misc_feat_hallway
D:2:      grunt_temple_overflow_opulence, grunt_temple_overflow_open,
          first_ration, minivault_25, uniq_terence, uniq_sigmund

Skill      XL: |  1  2  3  4 |
---------------+-------------+-----
Fighting       | 4 |  4.6
Dodging        | 2 |  2.5
Armour         | 3 |  3.4
Axes           | 5 |  5.1

Action                   |  1- 3 |  4- 6 || total
-------------------------+-------+-------++-------
Melee: Hand axe          |   102 |    59 ||   161
Invok: Berserk           |     1 |     2 ||     3
       Trog's Hand       |       |     1 ||     1
  Use: Scroll            |     3 |       ||     3
       Potion            |       |     3 ||     3
  Eat: Chunk             |     3 |     5 ||     8
Armor: Animal skin       |     6 |       ||     6
       Scale mail        |    11 |    28 ||    39
Dodge: Dodged            |    69 |    37 ||   106

Table legend:
 A = Spawn XP
 B = Non-spawn XP
 C = Spawn XP percentage of total XP
 D = Spawn monster count
 E = Non-spawn monster count
 F = Spawn count percentage of total count
 G = Total turns spent on level
                    A         B        C        D         E        F      G
               +---------+---------+-------+---------+---------+-------+---------
         Total |       0 |     199 |   0.0 |       0 |      55 |   0.0 |  2345
               +---------+---------+-------+---------+---------+-------+---------
           D:1 |       0 |      43 |   0.0 |       0 |      24 |   0.0 |  1176
           D:2 |       0 |     156 |   0.0 |       0 |      31 |   0.0 |  1169
               +---------+---------+-------+---------+---------+-------+---------
